 Dungeon Crawl Stone Soup version 0.17.0-28-g6e173f8 (webtiles) character file.

135 PossumBlood the Magician (level 4, -7/24 HPs)
             Began as a Deep Elf Fire Elementalist on Nov 26, 2015.
             Mangled by a gnoll
             ... wielding a +0 spear
              (12 damage)
             ... on level 4 of the Dungeon.
             The game lasted 00:13:22 (3478 turns).

PossumBlood the Magician (DEFE)                     Turns: 3478, Time: 00:13:22

Health: -7/24      AC:  3    Str:  5    XL:     4   Next: 96%
Magic:  5/12       EV: 13    Int: 21    God:
Gold:   114        SH:  0    Dex: 15    Spells: 4 memorised, 2 levels left

rFire  + . .     SeeInvis .     i - +1 short sword (holy)
rCold  . . .     Clarity  .     a - +1 robe
rNeg   . . .     SustAt   .     (no shield)
rPois  .         Gourm    .     (no helmet)
rElec  .         Spirit   .     (no cloak)
rCorr  .         Warding  .     (no gloves)
rMut   .         Stasis   .     (no boots)
MR     .....                    (no amulet)
Stlth  ++........               (no ring)
                                e - ring of protection from fire

@: very slightly contaminated, not resistant to hostile enchantments, unstealthy
A: no striking features
a: no special abilities


You were on level 4 of the Dungeon.
You were not hungry.

You visited 1 branch of the dungeon, and saw 4 of its levels.

You collected 114 gold pieces.

Inventory:

Hand Weapons
 h - a +0 dagger
 i - a +1 short sword of holy wrath (weapon)
 l - a +0 blowgun
Missiles
 m - 36 poisoned needles
Armour
 a - a +1 robe (worn)
Jewellery
 e - a ring of protection from fire (left hand)
Scrolls
 c - a scroll of magic mapping
 f - 2 scrolls of random uselessness
 g - 3 scrolls of identify
 o - a scroll of enchant armour
 r - a scroll of amnesia
Potions
 d - a potion of degeneration {unknown}
 p - a potion of mutation {unknown}
 q - a potion of beneficial mutation {unknown}
Books
 b - a book of Flames

   Spells                             Type                      Level
   a - Flame Tongue                   Conjuration/Fire             1
   b - Throw Flame                    Conjuration/Fire             2
   c - Conjure Flame                  Conjuration/Fire             3
   d - Inner Flame                    Hexes/Fire                   3
   e - Sticky Flame                   Conjuration/Fire             4
   f - Fireball                       Conjuration/Fire             5
Comestibles
 k - a meat ration
 n - a royal jelly


   Skills:
 + Level 0.4 Fighting
 + Level 0.2 Short Blades
 + Level 3.3 Dodging
 + Level 3.3 Stealth
 + Level 4.2 Spellcasting
 + Level 1.9 Conjurations
 + Level 0.6 Hexes
 + Level 4.2 Fire Magic


You had 2 spell levels left.
You knew the following spells:

 Your Spells              Type           Power        Failure   Level  Hunger
a - Flame Tongue          Conj/Fire      ###..        3%          1    None
b - Throw Flame           Conj/Fire      ###...       6%          2    #......
c - Inner Flame           Hex/Fire       ##......     14%         3    ###....
d - Conjure Flame         Conj/Fire      ###.....     12%         3    ###....


Dungeon Overview and Level Annotations

Branches:
Dungeon (4/15)
 Temple: D:4-7

Altars:
Elyvilon
Xom


Message History

You feel blessed for a moment.
It was a scroll of remove curse.
The gnoll hits you.
* * * LOW HITPOINT WARNING * * *
The gnoll misses you.
You hear the slow rusting of a very distant drain.
The gnoll hits you but does no damage.
The gnoll hits you from afar with a spear.
* * * LOW HITPOINT WARNING * * *
The gnoll misses you. x2
The gnoll closely misses you.
You see here a ring mail.
Read which item? (? for menu, Esc to quit)
Okay, then.
Drink which item? (? for menu, Esc to quit)
Okay, then.
You see here 6 stones.
The gnoll closely misses you.
The gnoll hits you from afar with a spear!
Ouch! That really hurt!
You die...

#.....##....#.....#
##.....##....'.....#
#........[...#.[...#
#............#.....#
#............#..<..#
#########....#.....#
#######.....##....##....#
#....#............#######
#....#.....@............#
#....#....(g.g..........#
#....#..................#
####...###....##..........#
#.##...###...g##..........#
#........#..........##....#
#........#.....g....##....#
#........#..........#.....#
#........#.[........#.....#


You could see 3 gnolls.

Vanquished Creatures
  A hound (D:4)
  2 adders
  2 oozes
  3 worms
  3 giant geckos
  2 ball pythons
  6 bats
  A giant cockroach (D:1)
  11 goblins
  9 hobgoblins
  3 jackals (D:3)
  7 kobolds
  6 giant newts
  6 rats
62 creatures vanquished.

Vanquished Creatures (others)
  A hobgoblin (D:3)
1 creature vanquished.

Grand Total: 63 creatures vanquished

Notes
Turn   | Place    | Note
--------------------------------------------------------------
     0 | D:1      | PossumBlood the Deep Elf Fire Elementalist began the quest for the Orb.
     0 | D:1      | Reached XP level 1. HP: 10/10 MP: 6/6
   151 | D:1      | Reached XP level 2. HP: 7/15 MP: 2/8
   304 | D:1      | Learned a level 2 spell: Throw Flame
   451 | D:1      | You fall through a shaft!
   739 | D:2      | You fall through a shaft!
  1014 | D:2      | Reached skill level 4 in Fire Magic
  1014 | D:2      | Reached XP level 3. HP: 19/19 MP: 0/9
  1127 | D:2      | Learned a level 3 spell: Inner Flame
  2108 | D:3      | Reached XP level 4. HP: 24/24 MP: 0/11
  2213 | D:3      | Learned a level 3 spell: Conjure Flame
  2416 | D:3      | Found a white marble altar of Elyvilon.
  2559 | D:3      | Found a shimmering altar of Xom.
  2559 | D:3      | Found a shimmering altar of Xom.
  2559 | D:3      | Found a shimmering altar of Xom.
  3478 | D:4      | Mangled by a gnoll

Action                   |  1- 3 |  4- 6 || total
-------------------------+-------+-------++-------
Melee: Unarmed           |     1 |       ||     1
       Dagger            |    10 |       ||    10
       Short sword       |       |     3 ||     3
 Cast: Flame Tongue      |    69 |    17 ||    86
       Throw Flame       |     9 |    24 ||    33
       Inner Flame       |     1 |       ||     1
       Conjure Flame     |       |     1 ||     1
  Use: Scroll            |     7 |     1 ||     8
       Potion            |       |     3 ||     3
  Eat: Bread ration      |     1 |       ||     1
       Meat ration       |       |     1 ||     1
